 Seeded DCSS version 0.31-a0-196-g86fe4a5e66 (webtiles) character file.

Game seed: 14272348555984921429 (custom seed)

172 innerfire43 the Trooper (level 5, -1/42 HPs)
             Began as a Demonspawn Monk on June 24, 2023.
             Killed from afar by a dart slug (3 damage)
             ... with a slug dart
             ... on level 5 of the Dungeon.
             The game lasted 00:03:50 (3454 turns).

innerfire43 the Trooper (Demonspawn Monk)           Turns: 3454, Time: 00:03:50

Health: -1/42      AC: 15    Str: 20    XL:     5   Next: 27%
Magic:  5/5        EV:  9    Int: 11    God:
Gold:   174        SH:  0    Dex: 15    Spells: 4/4 levels left

rFire   . . .        a - +0 hand axe
rCold   . . .        d - orb {light}
rNeg    . . .        k - +0 chain mail
rPois   +            p - +0 helmet
rElec   .            u - +0 cloak
rCorr   .            (no gloves)
SInv    .            i - +0 pair of boots
Will    .....        (no amulet) Stlth
                     j - ring of poison resistance
HPRegen 0.27/turn    m - +6 ring of strength
MPRegen 0.09/turn

%: no passive effects
@: glowing
A: slimy green scales 2, weakness stinger 1
a: no special abilities


You were on level 5 of the Dungeon.
You visited 1 branch of the dungeon, and saw 5 of its levels.

You collected 741 gold pieces.
You spent 567 gold pieces at shops.

Inventory:

Hand Weapons
 a - a +0 hand axe (weapon)
Armour
 b - a +0 robe
 d - an orb of light (worn)
 i - a +0 pair of boots (worn)
 k - a +0 chain mail (worn)
 p - a +0 helmet (worn)
 u - a +0 cloak (worn)
Jewellery
 j - a ring of poison resistance (left hand)
 m - a +6 ring of strength (right hand)
Wands
 q - a wand of digging (9)
Scrolls
 e - 2 scrolls of enchant weapon {unknown}
 g - 2 scrolls of vulnerability {unknown}
 l - 4 scrolls of identify {unknown}
 n - 2 scrolls of enchant armour {unknown}
 o - 2 scrolls of teleportation {unknown}
 w - a scroll of silence {unknown}
Potions
 c - a potion of ambrosia
 f - a potion of curing {unknown}
 h - a potion of lignification {unknown}
 r - a potion of berserk rage {unknown}
 s - a potion of might
 t - a potion of enlightenment {unknown}
 v - 2 potions of degeneration {unknown}


   Skills:
 + Level 3.8 Fighting
 - Level 2.6(3.3) Axes
 * Level 2.8(3.4) Maces & Flails
 * Level 2.2 Armour
 - Level 3.0 Dodging


You had 4 spell levels left.
You didn't know any spells.
Your spell library contained the following spells:

 Spells                   Type           Power      Damage    Failure   Level
 Portal Projectile        Hex/Tloc       0%         N/A       100%        3
 Tukima's Dance           Hex            0%         N/A       100%        3
 Blade Hands              Tmut           0%         N/A       100%        5


Dungeon Overview and Level Annotations

Branches:
Dungeon (5/15)
 Temple: D:4-7

Altars:
Trog
Vehumet

Shops:
D:2 =   D:3 (*!=[

Annotations:
D:4 exclusion: statue
D:5 Eustachio


Innate Abilities, Weirdness & Mutations

You are mostly covered in slimy green scales. (AC +3)
You have a small tail.


Message History

The quokka's corpse disappears in a puff of smoke!
You hit the river rat but do no damage.
The river rat twitches its whiskers.
The river rat closely misses you.
Eustachio mumbles some strange words.
Eustachio blinks!
Found a robe.
The river rat bites you but does no damage.
Eustachio gestures wildly while chanting.
Eustachio blinks!
You barely miss Eustachio. You tail-slap Eustachio.
Eustachio is almost dead.
You hit the river rat but do no damage. The river rat barely misses you.
Eustachio hits you with a +0 rapier. The river rat barely misses you.
You hit Eustachio.
Eustachio is almost dead.
You hit the river rat but do no damage.
Eustachio casts a spell.
Eustachio blinks!
The river rat bites you but does no damage.
A dart slug comes into view.
Eustachio casts a spell.
Eustachio brags, "I can call spirits from the vasty deep."
You hit Eustachio but do no damage.
Eustachio is almost dead.
You hit the quokka. You hit the river rat. Eustachio hits you with a +0 rapier!
The quokka closely misses you. The river rat barely misses you.
Eustachio hits you with a +0 rapier!
* * * LOW HITPOINT WARNING * * *
You hit Eustachio but do no damage.
Eustachio is almost dead.
You hit the quokka but do no damage. You barely miss the quokka.
You hit the river rat but do no damage.
Eustachio no longer looks unusually strong.
The quokka barely misses you. x2
The river rat bites you but does no damage.
Eustachio completely misses you. The dart slug launches a dart at you.
The slug dart hits you.
You die...

##.........#
...........#
#......[..##
#..........#
#.$..w..<..#
#..........#
##....r.....#
......@@....#
......rr....#
##..........#
#..........#
#..........#
#..........#
#######.####
#.# #.#


You could see Eustachio, a river rat (summoned), a dart slug and 2 quokkas.

Vanquished Creatures
  A hound (D:4)
  2 iguanas (D:4)
  2 adders
  2 worms
  3 dart slugs
  5 orcs
  7 endoplasms
  A giant cockroach (D:4)
  A goblin (D:1)
  4 hobgoblins
  8 jackals
  3 quokkas
  4 ball pythons
  5 bats
  A frilled lizard (D:1)
  2 kobolds
  4 rats
55 creatures vanquished.

Notes
Turn   | Place    | Note
-------+----------+-------------------------------------------
     0 | D:1      | innerfire43 the Demonspawn Monk began the quest for the
                  | Orb.
     0 | D:1      | Reached XP level 1. HP: 18/18 MP: 1/1
     1 | D:1      | Noticed an electric eel
   171 | D:1      | Reached skill level 1 in Maces & Flails
   171 | D:1      | Gained mutation: You have a small tail. [demonic ancestry]
   171 | D:1      | Reached XP level 2. HP: 15/24 MP: 2/2
   753 | D:2      | Gained mutation: You are partially covered in slimy green
                  | scales. (AC +2) [demonic ancestry]
   753 | D:2      | Reached XP level 3. HP: 15/29 MP: 3/3
   903 | D:2      | Found Qase's Jewellery Boutique.
  1615 | D:3      | Found Zyuppet's Distillery.
  1658 | D:3      | Found Zojeh's Jewellery Shoppe.
  1898 | D:3      | Reached skill level 1 in Armour
  1932 | D:3      | Reached XP level 4. HP: 29/35 MP: 4/4
  2007 | D:3      | Found Darok's Antique Weapon Emporium.
  2061 | D:3      | Found Odiptiamn's General Store.
  2071 | D:3      | Bought a +0 cloak for 63 gold pieces
  2180 | D:3      | Found a bloodstained altar of Trog.
  2236 | D:3      | Found Jemuaf Kycw's Armour Emporium.
  2450 | D:3      | Identified a scroll of acquirement
  2450 | D:3      | Acquired 557 gold pieces
  2557 | D:3      | Bought a +6 ring of strength for 504 gold pieces
  2856 | D:4      | Found a radiant altar of Vehumet.
  2856 | D:4      | Noticed a charred statue
  3093 | D:4      | Gained mutation: You are mostly covered in slimy green
                  | scales. (AC +3) [demonic ancestry]
  3093 | D:4      | Reached XP level 5. HP: 28/42 MP: 5/5
  3422 | D:5      | Entered Level 5 of the Dungeon
  3433 | D:5      | Noticed Eustachio
  3453 | D:5      | HP: 2/42 [Eustachio/+0 rapier (12)]
  3454 | D:5      | Killed from afar by a dart slug

Illustrated notes

Levels and vault maps discovered:
D:1:      arrival_aquarium_a, layout_basic
D:2:      layout_basic, serial_shops, nicolae_shop_gaudy_bauble
D:3:      layout_loops_cross, general_overflow_altar, serial_shops,
          nicolae_shop_peninsula, nicolae_shop_temple_entry_statues_fountains,
          nicolae_shop_hallway_plus, shop, nicolae_shop_window_shopping
D:4:      layout_loops_ring, vehumet_statue
D:5:      layout_rooms, minmay_temple_entry_glassed_door,
          hangedman_abyss_or_decor_passed, minmay_tree_intersection,
          minmay_crystal_water, uniq_eustachio

Skill      XL: |  1  2  3  4 |
---------------+-------------+-----
Maces & Flails | 1 2 |  2.8
Dodging        | 3 |  3.0
Armour         | 1 2 |  2.2
Fighting       | |  3.8
Axes           | |  2.6

Action                     |  1- 3 |  4- 6 || total
---------------------------+-------+-------++-------
  Melee: Hand axe          |   102 |    67 ||   169
         Tailslap          |     9 |    12 ||    21
    Use: Scroll            |       |     2 ||     2
 Armour: Robe              |     9 |       ||     9
         Chain mail        |    32 |    40 ||    72
  Dodge: Dodged            |    35 |    35 ||    70

Table legend: (Time is in decaauts)
 A = Elapsed time spent in this place.
 B = Non-inter-level travel time spent in this place.
 C = Inter-level travel time spent in this place.
 D = Time resting spent in this place.
 E = Time spent auto-exploring this place.
 F = Levels seen in this place.
 G = Mean time per level.
                   A        B        C        D        E       F      G
               +--------+--------+--------+--------+--------+-----+--------+
         Total |   3478 |   3274 |    204 |      0 |   2779 |   5 |  695.6 |
       Dungeon |   3478 |   3274 |    204 |      0 |   2779 |   5 |  695.6 |
               +--------+--------+--------+--------+--------+-----+--------+

Top non-repeatable levels by time:
     D:3: 953 daAuts
     D:2: 878 daAuts
     D:4: 864 daAuts
     D:1: 747 daAuts
     D:5: 33 daAuts
